Map: Disco Bloodbath LE

Players

LiquidTaeJa (TaeJa)

  • Race: Terran Terran
  • League: Master
  • Spawn Location: 9:00

LiquidMaNa (MaNa) - Winner!

  • Race: Protoss Protoss
  • League: Grandmaster
  • Spawn Location: 3:00

Event: HomeStory Cup XX

VOD

Have the link to the VOD?

Description

Time

  • Played on: Nov. 23, 2019, 7:07 a.m.
  • Length: 9:18

All games in this series

Show
View Real Time Build Order
Export as new Build Order

LiquidTaeJa Terran 

Build Orders: Reaper Expand 

Get SALT Encoding   

  12  0:00  SCV  
  13  0:12  SCV  
  14  0:16  Supply Depot  
  14  0:24  SCV  
  15  0:38  SCV  
  15  0:40  Barracks  
  16  0:43  Refinery  
  16  0:50  SCV  
  17  1:02  SCV  
  18  1:14  SCV  
  19  1:27  Orbital Command, Reaper  
  20  1:39  Command Center  
  20  1:50  Supply Depot  
  20  1:52  SCV  
  21  1:59  Marine  
  22  2:04  SCV  
  23  2:08  Factory  
  23  2:16  Refinery, SCV  
  23  2:20  Barracks Reactor  
  24  2:28  SCV  
  25  2:41  SCV  
  26  2:52  Orbital Command  
  26  2:53  Starport  
  26  2:54  SCV  
  26  2:56  Widow Mine, Marine x2  
  31  3:07  SCV  
  32  3:14  Marine x2  
  32  3:17  Widow Mine  
  32  3:19  SCV x2  
  38  3:29  Medivac, Supply Depot  
  38  3:31  SCV x2  
  38  3:32  Barracks  
  38  3:34  Marine x2  
  43  3:38  Widow Mine  
  46  3:47  Barracks  
  46  3:51  Supply Depot, SCV x2  
  46  3:55  Marine x2  
  48  4:00  Factory Tech Lab  
  48  4:02  Starport Tech Lab  
  50  4:03  SCV x2  
  52  4:13  Marine x2  
  52  4:15  SCV x2  
  55  4:17  Supply Depot  
  55  4:19  Refinery  
  55  4:20  Raven  
  57  4:27  Stimpack, SCV x2  
  57  4:28  Marine  
  60  4:37  Marine x2  
  60  4:38  Marine  
  60  4:39  Factory Reactor, SCV x2  
  59  4:48  Marine, Engineering Bay  
  60  4:53  Supply Depot  
  60  4:54  SCV x2  
  60  4:58  Refinery, Marine x2  
  62  5:03  Supply Depot  
  62  5:06  Combat Shield, SCV x2  
  64  5:10  Marine  
  64  5:11  Marauder  
  67  5:14  Starport Reactor  
  67  5:15  Terran Infantry Weapons Level 1  
  67  5:16  Supply Depot  
  67  5:17  Marine  
  67  5:18  Marine  
  69  5:26  Widow Mine x2  
  73  5:28  SCV  
  73  5:29  SCV  
  74  5:37  Marine x2, Marauder x2  
  80  5:46  Supply Depot  
  80  5:48  Supply Depot, Missile Turret  
  80  5:49  Widow Mine x2  
  84  5:52  Medivac  
  84  5:53  Medivac  
  88  5:58  Marine, Marauder  
  88  5:59  Marine x2  
  88  6:01  SCV  
  94  6:08  SCV  
  94  6:09  Concussive Shells  
  95  6:12  Widow Mine x2  
  95  6:21  Command Center  
  95  6:23  Medivac x2  
  98  6:27  Marine x2  
  98  6:30  Marine  
  101  6:35  SCV x2  
  99  6:41  Marauder  
  99  6:42  Widow Mine x2  
  105  6:49  Supply Depot  
  105  6:52  SCV x2  
  107  6:54  Marauder  
  107  6:56  Marine x2  
  104  7:13  SCV x2  
  104  7:14  Starport, Barracks  
  106  7:16  Terran Infantry Armor Level 1  
  106  7:18  Barracks  
  106  7:22  Marauder x2  
  110  7:25  SCV x2  
  112  7:35  Viking x2  
  112  7:37  SCV  
  105  7:45  Marauder x2  
  105  7:47  Marine x2  
  105  7:50  SCV  
  104  7:56  Viking  
  104  7:57  Viking  
  108  8:08  Marauder, Barracks Tech Lab, Barracks Reactor  
  110  8:14  SCV x2  
  110  8:17  Viking  
  112  8:28  Viking x2  
  112  8:33  Marauder x2  
  120  8:35  SCV x2  
  120  8:37  Marine x2  
  120  8:39  Marauder  
  120  8:40  Viking  
  106  8:54  Marauder x2  
  90  8:57  Marine x3  
  90  9:00  Marine  
  90  9:02  SCV  
Show
View Real Time Build Order
Export as new Build Order

LiquidMaNa Protoss - Winner!

Build Orders: 1 Gate Expand, Phoenix Opening, Colossus Rush 

Get SALT Encoding   

  12  0:00  Probe  
  13  0:12  Probe  
  14  0:17  Pylon  
  14  0:24  Probe  
  15  0:32  Probe  
  15  0:39  Gateway  
  15  0:40  Probe  
  16  0:46  Assimilator  
  17  0:51  Probe  
  18  1:03  Probe  
  19  1:20  Nexus  
  19  1:29  Cybernetics Core  
  19  1:31  Probe  
  20  1:38  Pylon  
  20  1:43  Probe  
  21  1:49  Assimilator  
  21  1:55  Adept, Probe  
  22  2:07  Probe  
  25  2:17  Stalker  
  25  2:19  Probe, Stargate  
  28  2:32  Probe x2  
  30  2:37  Warp Gate  
  30  2:44  Probe x2  
  32  2:54  Phoenix  
  32  2:56  Probe x2  
  36  3:08  Probe x2  
  36  3:12  Gateway  
  38  3:17  Assimilator, Phoenix  
  40  3:20  Probe x2  
  40  3:26  Assimilator  
  40  3:27  Pylon  
  42  3:32  Probe x2  
  44  3:39  Phoenix, Robotics Facility  
  46  3:49  Probe  
  46  3:50  Probe  
  46  3:54  Pylon  
  48  4:02  Probe x2, Phoenix  
  50  4:14  Probe x2  
  52  4:18  Gateway  
  52  4:19  Observer  
  52  4:25  Sentry  
  52  4:26  Probe  
  56  4:36  Probe  
  56  4:38  Robotics Bay  
  57  4:39  Probe  
  57  4:40  Phoenix  
  60  4:48  Probe  
  60  4:52  Probe  
  62  4:53  Pylon  
  62  4:58  Nexus  
  62  5:03  Pylon, Immortal  
  62  5:10  Pylon  
  62  5:11  Probe  
  67  5:15  Sentry  
  67  5:21  Pylon, Probe  
  70  5:28  Probe  
  70  5:30  Colossus  
  70  5:33  Probe  
  72  5:38  Zealot x2  
  72  5:40  Observer  
  82  5:43  Forge  
  82  5:48  Probe x2  
  84  5:56  Extended Thermal Lance  
  84  5:58  Gateway  
  84  6:00  Probe x2  
  84  6:03  Gateway  
  86  6:10  Gateway  
  86  6:15  Colossus  
  86  6:19  Protoss Ground Weapons Level 1  
  86  6:25  Shield Battery  
  92  6:28  Stalker  
  94  6:37  Stalker x2  
  97  6:44  Probe x3  
  97  6:56  Probe x2  
  97  6:57  Probe  
  97  6:58  Stalker x3  
  103  7:06  Zealot x2  
  108  7:08  Probe x2  
  109  7:15  Pylon  
  109  7:17  Pylon  
  109  7:25  Twilight Council  
  109  7:32  Observer, Warp Prism  
  109  7:33  Probe x2  
  109  7:41  Stalker x3  
  109  7:42  Stalker x3  
  109  7:43  Probe  
  118  7:51  Probe  
  119  8:00  Gateway  
  119  8:03  Pylon  
  119  8:05  Pylon  
  119  8:09  Templar Archives  
  119  8:11  Stalker x3  
  121  8:30  Zealot x3  
  121  8:31  Probe x2  
  129  8:45  Observer  
  121  8:51  Probe  
  121  8:53  Probe  
  121  8:55  Probe  
  110  8:57  Sentry, Zealot x6  
  124  9:05  Nexus  
Tags
 
Add a new tag
Caveats
  • Supply blocks, unpowered buildings, or Contaminate may cause inaccurate times.
  • Supply counts are checked every 10 seconds.